 Dungeon Crawl Stone Soup version 0.20-a0-923-g548304e (webtiles) character file.

1101141 polly the Axe Maniac (level 27, 0/409 HPs)
             Began as a Minotaur Berserker on Mar 25, 2017.
             Was the Champion of the Shining One.
             Slain by an eldritch tentacle (2 damage)
             ... called by Mnoleg
             ... while paralysed by an eldritch tentacle
             ... in Pandemonium on Mar 26, 2017.
             The game lasted 06:52:59 (114179 turns).

polly the Axe Maniac (Minotaur Berserker)         Turns: 114179, Time: 06:53:00

Health: 0/409      AC: 47    Str: 47      XL:     27
Magic:  42/43      EV: -1    Int:  8 (14) God:    the Shining One [******]
Gold:   13058      SH:  0    Dex: 23      Spells: 53/70 levels left

rFire    + + .     SeeInvis +   J - +9 broad axe (holy)
rCold    + . .     Gourm    .   i - +1 shield "Ziekein" {-Tele rElec Regen+ Slay+5}
rNeg     + + +     Faith    +   O - +12 gold dragon scales
rPois    +         Spirit   .   n - +2 hat {Int+3}
rElec    +         Reflect  .   w - +0 cloak of the Blind Marksman {rElec Str+4}
rCorr    .         Harm     .   a - +2 pair of gloves {Str+3}
MR       +....     Rnd*Rage +   F - +2 pair of boots of the Assassin {Detection Stab+ Stlth++} Stlth ..........NoTele +
                                l - amulet of Gozag's Reproof {Faith Str+8}
Regen    1.2/turn               P - ring of Incredulity {rF+ rC- MR- Int+9 SInv}
MPRegen  0.3/turn               M - ring "Bucs" {+Fly rElec Str+2 Dex+4 Stlth+}

@: paralysed, mighty, agile, berserking, divine shield, very slightly
contaminated, hasted, glowing, constricted
A: retaliatory headbutt, hooves 1, horns 2, repulsion field 1, slimy green
scales 1, camouflage 1, berserk 2, blurry vision 1, clumsy 1, cold resistance 1,
deformed body, dopey 1, low mp 1, mutation resistance 1, electricity resistance,
teleportitis 1, weak 2, MP-powered wands
}: 7/15 runes: decaying, serpentine, slimy, silver, abyssal, demonic, fiery
a: Divine Shield, Cleansing Flame, Summon Divine Warrior, Renounce Religion,
Evoke Flight


You were in Pandemonium.
You worshipped the Shining One.
The Shining One was exalted by your worship.
You were not hungry.

You visited 11 branches of the dungeon, and saw 55 of its levels.
You visited Pandemonium 5 times, and saw 28 of its levels.
You visited the Abyss 38 times.
You also visited: Ice Cave.

You collected 14220 gold pieces.
You spent 1162 gold pieces at shops.

Inventory:

Hand Weapons
 J - a +9 broad axe of holy wrath (weapon)
 R - the +12 broad axe of Absolution {antimagic, +Blink}
   (Trog gifted it to you on level 1 of the Abyss)

   It reduces the magical energy of the wielder, and disrupts the spells and
   magical abilities of those hit.
   Natural abilities and divine invocations are not affected.
   It lets you blink.
Missiles
 K - 10 throwing nets (quivered)
Armour
 a - a +2 pair of gloves of strength (worn)
 i - the +1 shield "Ziekein" (worn) {-Tele rElec Regen+ Slay+5}
   (You found it in Pandemonium)

   It affects your accuracy and damage with ranged weapons and melee attacks
   (+5).
   It insulates you from electricity.
   It prevents most forms of teleportation.
   It increases your rate of regeneration.
 n - a +2 hat of intelligence (worn)
 w - the +0 cloak of the Blind Marksman (worn) {rElec Str+4}
   (You found it on level 3 of the Elven Halls)

   It affects your strength (+4).
   It insulates you from electricity.
 F - the +2 pair of boots of the Assassin (worn) {Detection Stab+ Stlth++}
   (You acquired it in Pandemonium)

   It makes you much more stealthy.
 O - +12 gold dragon scales (worn)
 T - a +1 large shield of fire resistance
Jewellery
 g - the amulet of the Four Winds {rN+ MR+++ Clar}
   (You took it off a spriggan air mage on level 3 of the Depths)

   [amulet of nothing]

   It protects you from negative energy.
   It affects your resistance to hostile enchantments.
   It protects you against confusion.
 l - the amulet of Gozag's Reproof (around neck) {Faith Str+8}
   (You found it on level 1 of the Abyss)

   [amulet of faith]

   It allows you to gain divine favour quickly.
   It affects your strength (+8).
 r - a +5 ring of protection
 B - the ring "Dus Pour" {+Fly rPois rN+}
   (You took it off a deep elf annihilator on level 3 of the Elven Halls)

   [ring of positive energy]

   It protects you from poison.
   It protects you from negative energy.
   It lets you fly.
 M - the ring "Bucs" (right hand) {+Fly rElec Str+2 Dex+4 Stlth+}
   (You found it on level 7 of the Dungeon)

   [ring of strength]

   It affects your strength (+2).
   It affects your dexterity (+4).
   It insulates you from electricity.
   It lets you fly.
   It makes you more stealthy.
 P - the ring of Incredulity (left hand) {rF+ rC- MR- Int+9 SInv}
   (You took it off an orc high priest on level 3 of the Depths)

   [ring of protection from fire]

   It affects your intelligence (+9).
   It protects you from fire.
   It makes you vulnerable to cold.
   It affects your resistance to hostile enchantments.
   It lets you see invisible.
Wands
 t - a wand of digging (8/24)
Scrolls
 b - 6 scrolls of fog
 d - 11 scrolls of enchant armour
 j - 21 scrolls of identify
 m - a scroll of enchant weapon
 o - 13 scrolls of immolation
 p - 30 scrolls of teleportation
 q - 33 scrolls of remove curse
 u - 2 scrolls of summoning
 y - 4 scrolls of acquirement
 A - 6 scrolls of vulnerability
 G - 14 scrolls of fear
 L - a scroll of brand weapon
 V - 22 scrolls of recharging
 W - 12 scrolls of blinking
 X - 5 scrolls of silence
 Y - 13 scrolls of magic mapping
 Z - 2 scrolls of holy word
Potions
 e - 11 potions of haste
 h - 21 potions of curing
 k - 4 potions of brilliance
 s - 6 potions of cancellation
 v - 18 potions of might
 x - 3 potions of invisibility
 z - 6 potions of agility
 C - 7 potions of berserk rage
 D - 5 potions of mutation
 E - 3 potions of flight
 Q - 16 potions of heal wounds
 S - 7 potions of ambrosia
 U - 3 potions of resistance
Miscellaneous
 N - 9 boxes of beasts
Comestibles
 c - 41 bread rations
 f - 19 meat rations
 H - 8 royal jellies
 I - 32 fruits


   Skills:
 O Level 27 Fighting
   Level 1.0 Long Blades
 O Level 27 Axes
 - Level 0.2 Throwing
 O Level 27 Armour
 O Level 27 Dodging
 - Level 22.3 Stealth
 O Level 27 Shields
 * Level 22.2 Spellcasting
 + Level 11.4 Charms
 - Level 0.6 Invocations
 - Level 7.2 Evocations


You had 53 spell levels left.
You knew the following spells:

 Your Spells              Type           Power        Failure   Level  Hunger
a - Song of Slaying       Chrm           ####....     1%          2    None
b - Regeneration          Chrm/Necr      ###.......   4%          3    None
c - Shroud of Golubria    Chrm/Tloc      ###.......   1%          2    None
d - Infusion              Chrm           ####         1%          1    None
e - Apportation           Tloc           #.....       14%         1    None
f - Controlled Blink      Tloc           N/A          100%        8    #######


Dungeon Overview and Level Annotations

Branches:
Dungeon (15/15)            Temple (1/1) D:5            Lair (6/6) D:10
  Swamp (4/4) Lair:2        Snake (4/4) Lair:3        Slime (5/5) Lair:5
    Orc (2/2) D:12            Elf (3/3) Orc:2        Vaults (5/5) D:14
  Crypt (0/3) Vaults:2     Depths (5/5) D:15            Zot (5/5) Depths:5

Altars:
Ashenzari
Cheibriados
Dithmenos
Elyvilon
Fedhas
Gozag
Hepliaklqana
Kikubaaqudgha
Makhleb
Nemelex Xobeh
Okawaru
Qazlal
Ru
Sif Muna
Trog
Uskayaw
Vehumet
Wu Jian
Xom
Yredelemnul
Zin
The Shining One
Jiyva

Shops:
D:4 *   D:5 :   D:6 %%   D:13 [   D:15 [   Orc:2 [([!   Vaults:2 %}}%
Vaults:3 }   Depths:1 =}=

Portals:
Hell: Depths:1 Depths:2 Depths:3 Depths:4 Depths:5
Abyss: Depths:4 Depths:5
Pandemonium: Depths:3
Ziggurat: Depths:4

Annotations:
Depths:5 4 runed doors
Pan Mnoleg


Innate Abilities, Weirdness & Mutations

You reflexively headbutt those who attack you in melee.
You have a pair of horns on your head.
You have large cloven feet.
You are surrounded by a mild repulsion field. (EV +2)
You are partially covered in slimy green scales. (AC +2)
Your skin changes colour to match your surroundings (Stealth+).
You often lose your temper in combat.
Scrolls take you a little longer to read.
You are clumsy. (Dex -2)
Your flesh is cold resistant. (rC+)
Armour fits poorly on your strangely shaped body.
You are dopey. (Int -2)
Your magical capacity is low. (-10% MP)
You are somewhat resistant to further mutation.
You are resistant to electric shocks. (rElec)
You are occasionally teleported next to monsters.
You are very weak. (Str -4)
You expend magic power (3 MP) to strengthen your wands.


Message History

* * * LOW HITPOINT WARNING * * *
Mnoleg tentacle-slaps you but does no damage.
Mnoleg gores you but does no damage. Mnoleg kicks you but does no damage.
The eldritch tentacle slaps you.
* * * LOW HITPOINT WARNING * * *
A red film seems to cover your vision as you go berserk!
You feel yourself moving faster!
You feel mighty!
The eldritch tentacle claws you but does no damage.
The large abomination hits you but does no damage.
The tentacled monstrosity tentacle-slaps you but does no damage. x4
The tentacled monstrosity tentacle-slaps you.
The Shining One protects you from harm!
The tentacled monstrosity tentacle-slaps you but does no damage.
* * * LOW HITPOINT WARNING * * *
The tentacled monstrosity constricts you.
You hear a loud "Zot"!
The floating eye's view fixates on you.
The large abomination hits you but does no damage.
The eldritch tentacle slaps you.
You die...

##.........#
##..........##
#.......5.....
#.............
###.....XX.....
##.##.53&G3.....
##...##.XXX2*....
#..X..#.X@w─2....
#....GXXX.....
##...##2G....#
##...##....######
##.?.##..###...##
{
{##...#####.....##
##...###.......#
#.....##.......#
#...#...##.....###


You could see Mnoleg, 4 tentacled monstrosities, an eldritch tentacle, 2
cacodemons, a shining eye, 5 large abominations, a tormentor, 2 neqoxecs, 2
floating eyes and 2 white imps.

Vanquished Creatures
  Cerebov (Pan)
  the Royal Jelly (Slime:5)
  A seraph (Pan)
  4 ancient liches (Zot:5)
  Mara (Swamp:2)
  5 orbs of fire
  16 pandemonium lords (Pan)
  A juggernaut (Depths:3)
  Margery (Depths:3)
  Boris (Vaults:5)
  Vashnia (Snake:3)
  Frederick (Vaults:4)
  The ghost of Terrapin the Executioner, a veteran BaBe of Trog (Vaults:5)
  Saint Roka (Orc:2)
  A curse toe (Zot:4)
  6 Killer Klowns (Zot:5)
  9 golden dragons
  4 profane servitors (Abyss:1)
  Nikola (Swamp:2)
  A pearl dragon (Pan)
  19 bone dragons
  6 Brimstone Fiends (Pan)
  7 Tzitzimimeh (Pan)
  The ghost of Flapstick the Tortoise, a veteran GrGl of Makhleb (Depths:3)
  5 electric golems
  2 hellephants
  24 tentacled monstrosities
  14 liches
  5 Hell Sentinels (Pan)
  Rupert (Orc:2)
  29 Ice Fiends
  6 deep elf blademasters
  6 quicksilver dragons
  7 titans
  36 Executioners
  2 deep elf master archers
  25 Orb Guardians (Zot:5)
  A kraken (Abyss:1)
  62 tentacled starspawn
  15 acid blobs
  Gastronok (D:9)
  14 death cobs
  An ancient champion (Vaults:2)
  5 sphinxes
  The ghost of McSplat the Brawler, an adept TrBe of Trog (Snake:3)
  14 shadow dragons
  11 draconian monks
  7 thorn hunters
  Donald (Snake:3)
  12 tengu reavers
  17 daevas
  20 storm dragons
  5 nagarajas
  8 azure jellies
  30 balrugs
  20 fire giants
  25 frost giants
  21 vault wardens
  3 ghost moths
  4 draconian knights
  3 emperor scorpions (Abyss:1)
  12 deep elf sorcerers
  12 warmongers (Pan)
  42 cacodemons
  9 black suns (Pan)
  6 draconian scorchers
  Aizul (Snake:1)
  13 draconian shifters
  6 draconian stormcallers
  5 deep elf elementalists
  33 angels
  3 draconian annihilators
  32 reapers
  4 war gargoyles
  16 ironheart preservers
  43 very ugly things
  59 stone giants
  3 vampire knights
  16 blood saints (Pan)
  15 ophanim
  A spriggan defender (Depths:4)
  7 deep elf demonologists
  14 green draconians
  18 corrupters (Pan)
  19 lorocyprocas
  29 apis (Pan)
  21 black draconians
  7 spark wasps
  11 deep elf annihilators
  16 white draconians
  12 purple draconians
  13 yellow draconians
  15 red draconians
  The ghost of apoch the Impaler, a journeyman MfGl of Hepliaklqana (IceCv)
  3 eidola (Abyss:1)
  31 blizzard demons
  17 green deaths
  7 death oozes
  11 deep elf death magi
  15 ettins
  6 fire dragons
  2 jiangshi (Abyss:1)
  6 deep elf high priests
  25 yaktaur captains
  24 great orbs of eyes
  Josephine (Orc:1)
  24 rakshasas
  44 vault guards
  14 monstrous demonspawn (Pan)
  16 ice dragons
  2 ghost crabs (Swamp:1)
  9 hydras
  A catoblepas (D:14)
  12 naga warriors
  7 centaur warriors
  8 hell beasts (Pan)
  Erica (D:9)
  4 spriggan air magi
  9 anacondas
  5 alligators
  An anaconda (shapeshifter) (Vaults:4)
  5 death knights
  57 two-headed ogres
  A satyr (Abyss:3)
  A titan zombie (Abyss:1)
  8 deep troll shamans
  16 ogre magi
  4 vampire magi
  46 thrashing horrors
  13 deep troll earth magi
  29 dancing weapons
  Urug (D:10)
  5 hell hogs
  27 naga sharpshooters
  63 sun demons
  10 tengu warriors
  23 hell knights
  8 orc high priests
  73 soul eaters
  9 spriggan berserkers
  3 shock serpents
  A titan skeleton (Abyss:1)
  22 deep elf knights
  3 salamander mystics
  42 wretched stars
  65 sixfirhies
  A death drake (Abyss:1)
  16 skeletal warriors
  6 shadow wraiths
  A quicksilver dragon simulacrum (Abyss:1)
  6 iron trolls
  208 large abominations
  4 sea snakes (Snake:2)
  16 cherubim (Pan)
  A deep troll (shapeshifter) (Vaults:3)
  A golden dragon zombie (Abyss:1)
  24 gelid demonspawn (Pan)
  25 shadow demons
  2 swamp dragons (Swamp:3)
  7 flayed ghosts
  A glowing orange brain (shapeshifter) (Vaults:4)
  28 deep elf archers
  21 glowing orange brains
  38 deep trolls
  14 spatial maelstroms
  23 infernal demonspawn (Pan)
  5 unseen horrors
  9 wizards
  5 shambling mangroves
  Pikel (D:4)
  7 naga ritualists
  A lindwurm (shapeshifter) (Vaults:4)
  A lindwurm (Lair:6)
  A harpy (Vaults:3)
  An anaconda skeleton (Abyss:1)
  3 iron dragon zombies (Abyss:1)
  A wolf spider zombie (Abyss:1)
  17 ironbrand convokers
  21 torturous demonspawn (Pan)
  A harpy (shapeshifter) (Abyss:1)
  A shadow dragon zombie (Depths:2)
  13 mana vipers
  A wolf spider (shapeshifter) (Vaults:4)
  20 orc knights
  63 deep elf magi
  An orb spider (Abyss:1)
  2 shadow dragon skeletons (Abyss:1)
  6 phantasmal warriors
  12 necromancers
  A statue (Abyss:1)
  6 orc sorcerers
  24 cyclopes
  57 ugly things
  14 salamanders
  2 stone giant zombies (Abyss:1)
  A fire giant zombie (Abyss:1)
  34 worldbinders
  4 manticores
  10 shining eyes
  A frost giant zombie (Abyss:3)
  The ghost of Psyclone the Firebug, a novice DEFE (D:5)
  22 moths of wrath
  2 oklob plants (Lair:2)
  5 wolf spiders
  2 iron dragon skeletons
  2 stone giant skeletons (Abyss:3)
  4 centaur zombies
  5 rust devils
  Maurice (D:9)
  14 apocalypse crabs
  5 torpor snails (Lair:6)
  23 vault sentinels
  2 guardian serpents (shapeshifter)
  11 guardian serpents
  A black mamba (shapeshifter) (Abyss:3)
  A water nymph (shapeshifter) (Abyss:1)
  A gargoyle (D:13)
  106 smoke demons
  21 spiny frogs
  35 black mambas
  29 naga magi
  2 water nymphs (Abyss:3)
  49 orange demons
  4 spiny frogs (shapeshifter)
  5 kobold demonologists
  The ghost of polly the Insei, a novice DsGl of Gozag (D:8)
  2 eyes of devastation
  5 spectral swamp worms (Depths:5)
  41 demonic crawlers
  A rime drake (shapeshifter) (Depths:5)
  14 hellions
  29 freezing wraiths
  7 komodo dragons
  3 komodo dragons (shapeshifter)
  46 yaktaurs
  4 rime drakes
  152 small abominations
  16 efreet
  A black draconian zombie (Abyss:1)
  15 tormentors
  2 anaconda simulacra
  12 ice devils
  25 red devils
  A silent spectre (Abyss:1)
  35 hellwings
  38 ancient zymes
  12 polar bears
  19 trolls
  A meliai (shapeshifter) (Vaults:4)
  Grinder (D:6)
  A sphinx simulacrum (Vaults:3)
  88 slime creatures
  4 tyrant leeches (Lair:6)
  32 hornets
  An ice dragon zombie (Abyss:1)
  6 dream sheep (Lair:6)
  2 wolf spider simulacra
  An ettin zombie (Abyss:3)
  24 blink frogs
  A blink frog (shapeshifter) (Abyss:1)
  5 bog bodies
  93 raiju
  4 hippogriffs
  A meliai zombie (D:13)
  A stone giant simulacrum (Abyss:1)
  2 fire dragon zombies (Abyss:1)
  An ettin skeleton (Abyss:1)
  A wyvern (shapeshifter) (Abyss:1)
  7 shadows
  20 flying skulls
  3 tarantellas (shapeshifter)
  11 spriggans
  2 centaur simulacra
  6 fire bats (Abyss:1)
  3 dire elephant simulacra
  28 yaks
  2 spriggans (shapeshifter)
  5 air elementals
  3 water elementals
  15 wraiths
  2 vampires (Abyss:1)
  5 wyverns
  2 black mamba skeletons (Abyss:1)
  Eustachio (D:6)
  An elf zombie (Depths:2)
  121 ynoxinuls
  7 fire elementals
  A fire bat (shapeshifter) (Abyss:1)
  6 golden eyes
  A steam dragon (D:14)
  A yak (shapeshifter) (Depths:2)
  3 basilisks
  2 humans (shapeshifter)
  Grum (Lair:1)
  62 neqoxecs
  A golden eye (shapeshifter) (Abyss:1)
  A hog (shapeshifter) (Vaults:3)
  77 chaos spawn
  6 hungry ghosts
  31 vampire mosquitoes
  2 death yak simulacra (IceCv)
  4 swamp worm simulacra (Swamp:4)
  18 spatial vortices
  16 swamp worms
  19 wargs
  Edmund (D:5)
  30 insubstantial wisps
  3 iron troll simulacra (IceCv)
  54 nagas
  3 harpy simulacra (IceCv)
  14 hell hounds (Abyss:1)
  21 hydra simulacra
  A soldier ant (shapeshifter) (Vaults:3)
  A naga (shapeshifter) (Abyss:1)
  3 acid dragons
  An acid dragon (shapeshifter) (Abyss:1)
  5 floating eyes
  12 water moccasins
  11 porcupines
  A hornet zombie (D:15)
  A spiny frog skeleton (Abyss:1)
  8 ice beasts
  53 orc warriors
  4 swamp drakes
  9 sky beasts
  10 black bears
  2 snapping turtle zombies (Abyss:1)
  7 eyes of draining
  A boggart (shapeshifter) (Abyss:1)
  11 boggarts
  3 ettin simulacra
  A centaur (shapeshifter) (Abyss:1)
  6 wolves
  42 ogres
  5 centaurs
  5 phantoms
  A swamp dragon skeleton (Abyss:1)
  16 big kobolds
  19 crocodiles
  A big kobold (shapeshifter) (Abyss:1)
  7 earth elementals
  12 bullfrogs
  A wyvern zombie (D:14)
  A gnoll sergeant (Orc:2)
  A deep troll simulacrum (Vaults:1)
  A wyvern skeleton (D:11)
  A hornet simulacrum (D:14)
  A troll zombie (Abyss:1)
  5 scorpions
  A spriggan skeleton (Abyss:1)
  An elf simulacrum (Vaults:1)
  7 killer bees
  A killer bee (shapeshifter) (Abyss:1)
  4 wights (D:13)
  2 electric eels
  6 howler monkeys
  17 crimson imps
  186 starcursed masses
  39 quasits
  3 draconian simulacra (IceCv)
  A human simulacrum (Vaults:2)
  7 hounds
  20 iron imps
  3 bullfrog zombies
  A hound (shapeshifter) (Abyss:1)
  7 centaur skeletons
  A gnoll shaman (D:7)
  34 orc priests
  4 bullfrog skeletons
  10 jellies
  30 orc wizards
  Ijyb (D:4)
  7 iguanas
  A lightning spire (Zot:4)
  A polar bear simulacrum (IceCv)
  3 troll simulacra (IceCv)
  18 worker ants
  Terence (D:3)
  2 spriggan simulacra
  A wolf simulacrum (IceCv)
  A worker ant zombie (D:6)
  A gnoll (shapeshifter) (Abyss:1)
  14 gnolls
  3 naga simulacra (IceCv)
  13 adders
  3 adders (shapeshifter) (Abyss:1)
  6 shadow imps
  31 white imps
  31 ufetubi
  2 oozes
  An ooze (shapeshifter) (Abyss:1)
  4 swamp drake simulacra (Swamp:4)
  4 worms
  3 dart slugs
  A leopard gecko (D:1)
  166 orcs
  A ball python (D:5)
  8 bats
  9 giant cockroaches
  A goblin (shapeshifter) (Abyss:1)
  14 goblins
  A hobgoblin (shapeshifter) (Abyss:1)
  8 hobgoblins
  12 jackals
  17 kobolds
  A quokka (shapeshifter) (Abyss:1)
  4 quokkas
  A bat (shapeshifter) (Abyss:1)
  5 frilled lizards
  A frilled lizard (shapeshifter) (Abyss:1)
  A jackal zombie (D:9)
  A leopard gecko skeleton (D:4)
  9 rats
  10 briar patches
  3 bushes (D:5)
  5 crawling corpses (Elf:3)
  5 fire vortices (Pan)
  5 fungi
  2 lurking horrors
  2 plants
  71 starspawn tentacles
  5 tentacles (Abyss:1)
5600 creatures vanquished.

Vanquished Creatures (collateral kills)
  An acid blob (Slime:4)
  A slime creature (Slime:4)
  An eye of draining (Slime:4)
  A small abomination (Abyss:1)
4 creatures vanquished.

Vanquished Creatures (others)
  2 very ugly things
  A blood saint (Pan)
  A deep elf high priest (Elf:3)
  An ogre mage (Depths:1)
  A vault guard (Depths:3)
  A centaur warrior (D:15)
  3 hell hogs (Abyss:1)
  9 small abominations
  5 naga sharpshooters
  A sun demon (Pan)
  A shadow demon (Pan)
  A wizard (Depths:2)
  A large abomination (Pan)
  A smoke demon (Pan)
  2 naga magi
  A yaktaur (Depths:3)
  A hornet (Swamp:3)
  A ynoxinul (Abyss:1)
  3 spriggans
  A golden eye (Abyss:1)
  2 insubstantial wisps (Swamp:1)
  An ogre (Vaults:3)
  An orc wizard (D:9)
  2 white imps (IceCv)
  A worm (D:4)
  2 briar patches
  A fungus (Lair:6)
  7 lurking horrors
  19 plants
  102 starspawn tentacles
  3 tentacles (Abyss:1)
179 creatures vanquished.

Grand Total: 5783 creatures vanquished

Notes
Turn   | Place    | Note
-------+----------+-------------------------------------------
     0 | D:1      | polly the Minotaur Berserker began the quest for the Orb.
     0 | D:1      | Reached XP level 1. HP: 19/19 MP: 0/0
   276 | D:1      | Reached XP level 2. HP: 27/27 MP: 1/1
   556 | D:1      | Reached ** piety under Trog
   556 | D:1      | Reached XP level 3. HP: 30/34 MP: 2/2
  1023 | D:2      | Reached XP level 4. HP: 37/41 MP: 3/3
  1092 | D:2      | Found an iron altar of Okawaru.
  1447 | D:3      | Noticed Terence
  1448 | D:3      | Reached *** piety under Trog
  1452 | D:3      | Reached skill level 5 in Axes
  1452 | D:3      | Reached XP level 5. HP: 34/47 MP: 4/4
  1462 | D:3      | Killed Terence
  1618 | D:3      | Reached skill level 5 in Fighting
  2238 | D:4      | Reached XP level 6. HP: 56/56 MP: 5/5
  2262 | D:4      | Found Cufotten's General Store.
  2292 | D:4      | Noticed Ijyb
  2314 | D:4      | Killed Ijyb
  2435 | D:4      | Noticed Pikel
  2435 | D:4      | Noticed a slave
  2435 | D:4      | Noticed a slave
  2436 | D:4      | Noticed a slave
  2436 | D:4      | Noticed a slave
  2440 | D:4      | Killed Pikel
  2440 | D:4      | Reached skill level 5 in Armour
  2440 | D:4      | Reached XP level 7. HP: 62/62 MP: 6/6
  3124 | D:5      | Entered Level 5 of the Dungeon
  3301 | D:5      | Reached **** piety under Trog
  3301 | D:5      | Reached XP level 8. HP: 32/70 MP: 7/7
  3482 | D:5      | Found Qemnoise's Book Emporium.
  3536 | D:5      | Found a staircase to the Ecumenical Temple.
  3678 | D:5      | Noticed Psyclone's ghost (novice DEFE)
  3693 | D:5      | Killed Psyclone's ghost
  3869 | D:5      | Noticed Edmund
  3877 | D:5      | Killed Edmund
  4144 | D:6      | Reached skill level 5 in Dodging
  4181 | D:6      | Noticed Eustachio
  4205 | D:6      | Killed Eustachio
  4205 | D:6      | Reached XP level 9. HP: 56/79 MP: 8/8
  4284 | D:6      | Reached skill level 10 in Axes
  4297 | D:6      | Identified 2 scrolls of acquirement
  4362 | D:6      | Found Kalu's Food Shop.
  4473 | D:6      | Got a crude ivory ring
  4597 | D:6      | Found Qaijeiwk's Food Shoppe.
  4611 | D:6      | Noticed Grinder
  4621 | D:6      | Paralysed by Grinder for 7 turns
  4645 | D:6      | Killed Grinder
  4776 | D:6      | Identified the ring of Puygh {*Drain +Inv MP+9 EV+2 Int+2} (You found it on level 6 of the Dungeon)
  5328 | D:7      | Reached XP level 10. HP: 80/89 MP: 9/9
  5453 | D:7      | Reached ***** piety under Trog
  5631 | D:7      | Noticed an orc knight
  5631 | D:7      | Noticed an orc knight
  5687 | D:7      | Killed an orc knight
  5743 | D:7      | Killed an orc knight
  5989 | D:7      | Got a clouded bone ring
  6743 | D:8      | Noticed polly's ghost (novice DsGl)
  6757 | D:8      | Killed polly's ghost
  7024 | D:8      | Identified the ring "Bucs" {+Fly rElec Str+2 Dex+4 Stlth+} (You found it on level 7 of the Dungeon)
  7209 | D:8      | Noticed a two-headed ogre
  7217 | D:8      | Killed a two-headed ogre
  7442 | D:9      | Noticed Erica
  7448 | D:9      | Killed Erica
  7448 | D:9      | Reached skill level 10 in Fighting
  7448 | D:9      | Reached skill level 10 in Armour
  7448 | D:9      | Reached XP level 11. HP: 99/99 MP: 10/10
  7574 | D:9      | Noticed Gastronok
  7594 | D:9      | Killed Gastronok
  7801 | D:9      | Noticed a two-headed ogre
  7807 | D:9      | Killed a two-headed ogre
  7831 | D:10     | Entered Level 10 of the Dungeon
  7831 | D:10     | Noticed Maurice
  7897 | D:9      | Killed Maurice
  8020 | D:10     | Reached ****** piety under Trog
  8024 | D:10     | Reached skill level 15 in Axes
  8044 | D:10     | Found a staircase to the Lair.
  8452 | D:10     | Noticed Urug
  8486 | D:10     | Killed Urug
  8662 | D:10     | Noticed a centaur warrior
  8672 | D:10     | Killed a centaur warrior
  8694 | D:10     | Reached XP level 12. HP: 79/111 MP: 11/11
  8902 | D:11     | Noticed a two-headed ogre
  8912 | D:11     | Killed a two-headed ogre
  9026 | D:11     | Noticed a seven-headed hydra
  9040 | D:11     | Killed a seven-headed hydra
  9190 | D:11     | Reached skill level 1 in Evocations
  9397 | D:11     | Received a gift from Trog
 10185 | D:12     | Found a staircase to the Orcish Mines.
 10871 | D:12     | Noticed a two-headed ogre
 10880 | D:12     | Killed a two-headed ogre
 11338 | D:13     | Found Maja's Armour Boutique.
 11393 | D:13     | Noticed a brown very ugly thing
 11405 | D:13     | Killed a brown very ugly thing
 11467 | D:13     | Reached XP level 13. HP: 112/122 MP: 7/13
 12669 | D:14     | Found a gate to the Vaults.
 12869 | D:14     | Received a gift from Trog
 13274 | D:13     | Gained mutation: You are partially covered in rugged brown scales. (AC +1, +3% HP) [mutagenic meat]
 13275 | D:13     | Gained mutation: You have an increased reservoir of magic. (+10% MP) [mutagenic meat]
 13276 | D:13     | Gained mutation: You are partially covered in large bone plates. (SH +4) [mutagenic meat]
 13703 | D:14     | Reached skill level 1 in Shields
 14238 | D:14     | Noticed Sonja
 14511 | D:14     | Noticed Sonja
 14511 | D:14     | Sonja changed into Sonja the spriggan
 14594 | D:14     | Reached XP level 14. HP: 104/136 MP: 8/15
 14618 | D:14     | Killed Sonja the spriggan
 14803 | D:15     | Entered Level 15 of the Dungeon
 15558 | D:15     | Found Okkaoc's Antique Armour Shoppe.
 15566 | D:15     | Bought a spiked plate armour for 728 gold pieces
 15576 | D:15     | Identified the +8 plate armour "Sapufeno" {*Slow rElec Dex+4} (You bought it in a shop on level 15 of the Dungeon)
 15772 | D:15     | Received a gift from Trog
 15846 | D:15     | Reached skill level 15 in Fighting
 15854 | D:15     | Found a staircase to the Depths.
 16333 | Lair:1   | Entered Level 1 of the Lair of Beasts
 16557 | Lair:1   | Noticed Grum
 16568 | Lair:1   | Killed Grum
 17182 | Lair:2   | Identified the Reference Book on the Frostbite and the Volcanoes
 17588 | Lair:2   | Found a staircase to the Swamp.
 18015 | Lair:3   | Found a staircase to the Snake Pit.
 18230 | Lair:3   | Reached skill level 5 in Shields
 18699 | Lair:4   | Received a gift from Trog
 19862 | Lair:5   | Found a staircase to the Slime Pits.
 20541 | Lair:6   | Entered Level 6 of the Lair of Beasts
 20568 | Lair:6   | Reached XP level 15. HP: 145/145 MP: 8/17
 20975 | Lair:6   | Received a gift from Trog
 21005 | Lair:6   | Paralysed by a hornet for 3 turns
 21017 | Lair:6   | Found a runed door.
 21746 | Orc:1    | Entered Level 1 of the Orcish Mines
 22309 | Orc:2    | Entered Level 2 of the Orcish Mines
 22386 | Orc:2    | Noticed Josephine
 22391 | Orc:2    | Received a gift from Trog
 22392 | Orc:2    | Noticed Saint Roka
 22403 | Orc:1    | Killed Josephine
 23180 | Orc:1    | Reached skill level 15 in Armour
 24492 | Orc:1    | Received a gift from Trog
 25236 | Orc:2    | Killed Saint Roka
 25652 | Orc:2    | Found a staircase to the Elven Halls.
 25751 | Orc:2    | Reached skill level 10 in Shields
 25786 | Orc:2    | Found Sioragh's Distillery.
 25789 | Orc:2    | Found Qadavi's Armour Emporium.
 25790 | Orc:2    | Found Genicy's Antique Armour Emporium.
 25791 | Orc:2    | Found Sitoutta's Antique Weapon Shoppe.
 25798 | Orc:2    | Bought a potion of heal wounds for 70 gold pieces
 25798 | Orc:2    | Bought a potion of heal wounds for 70 gold pieces
 25798 | Orc:2    | Bought a potion of curing for 42 gold pieces
 26015 | Orc:2    | Noticed Rupert
 26030 | Orc:2    | Killed Rupert
 26195 | Elf:1    | Entered Level 1 of the Elven Halls
 26577 | Elf:1    | Reached XP level 16. HP: 86/156 MP: 9/18
 27351 | Elf:2    | Received a gift from Trog
 27386 | Elf:2    | Found a runed gate.
 27386 | Elf:2    | Found a runed gate.
 27386 | Elf:2    | Found a runed gate.
 27400 | Elf:2    | Got an uncursed bloodstained battleaxe {flame}
 27404 | Elf:2    | Identified the +5 battleaxe of the Moon {flame, MR+ Stlth+} (You took it off a deep elf knight on level 2 of the Elven Halls)
 28141 | Elf:2    | Received a gift from Trog
 28662 | Elf:3    | Entered Level 3 of the Elven Halls
 29121 | Elf:3    | Noticed a deep elf master archer
 29138 | Elf:3    | Reached XP level 17. HP: 161/167 MP: 9/19
 29146 | Elf:3    | Noticed a deep elf blademaster
 29154 | Elf:3    | Killed a deep elf blademaster
 29155 | Elf:3    | Noticed a deep elf blademaster
 29511 | Elf:3    | Received a gift from Trog
 29517 | Elf:3    | Killed a deep elf master archer
 29580 | Elf:3    | Killed a deep elf blademaster
 29773 | Elf:3    | Got a steaming brass ring
 29805 | Elf:3    | Identified the ring "Dus Pour" {+Fly rPois rN+} (You took it off a deep elf annihilator on level 3 of the Elven Halls)
 29974 | Elf:3    | Got a warped brass ring
 30240 | Elf:3    | Got a bloodstained cloak
 30251 | Elf:3    | Identified the cursed +0 cloak of the Blind Marksman {rElec Str+4} (You found it on level 3 of the Elven Halls)
 30257 | Elf:3    | Identified Sif Muna's Incunabulum of the Twisted Frostbite
 30286 | Elf:3    | Identified Sif Muna's Handbook of Helpful Fire
 30333 | Elf:3    | Identified the cursed ring "Betozeco" {+Blink rPois rC- AC-2 Str+5} (You took it off a deep elf sorcerer on level 3 of the Elven Halls)
 31022 | Orc:1    | Received a gift from Trog
 31166 | Snake:1  | Entered Level 1 of the Snake Pit
 31323 | Snake:1  | Noticed Aizul
 31339 | Snake:1  | Killed Aizul
 31339 | Snake:1  | Reached skill level 15 in Shields
 32037 | Snake:1  | Got a faintly glowing bone ring
 32039 | Snake:1  | Identified the ring "Radimo" {+Fly rElec rF+ Int-2 Dex+5} (You found it on level 1 of the Snake Pit)
 32835 | Snake:2  | Reached XP level 18. HP: 178/178 MP: 20/20
 33027 | Snake:2  | Received a gift from Trog
 33636 | Snake:3  | Noticed Donald
 33648 | Snake:3  | Killed Donald
 33762 | Snake:3  | Noticed McSplat's ghost (adept TrBe)
 33773 | Snake:3  | Killed McSplat's ghost
 34057 | Snake:3  | Noticed Vashnia
 34075 | Snake:3  | Killed Vashnia
 34178 | Snake:3  | Received a gift from Trog
 34195 | Snake:3  | Identified the Almanac of Floating Flames
 34540 | Snake:4  | Entered Level 4 of the Snake Pit
 34902 | Snake:4  | Received a gift from Trog
 34924 | Snake:4  | Reached XP level 19. HP: 87/188 MP: 21/21
 35284 | Snake:4  | Got a serpentine rune of Zot
 35955 | Swamp:1  | Entered Level 1 of the Swamp
 35985 | Swamp:1  | Received a gift from Trog
 36855 | Swamp:2  | Found a frozen archway.
 36873 | IceCv    | Entered an ice cave
 36948 | IceCv    | Noticed apoch's ghost (journeyman MfGl)
 36980 | IceCv    | Killed apoch's ghost
 37222 | IceCv    | Received a gift from Trog
 37308 | IceCv    | Identified Tisun's Catalogue of the Frostbite and Darkness
 37977 | Swamp:2  | Noticed Nikola
 38020 | Swamp:2  | Killed Nikola
 38731 | Swamp:3  | Noticed Mara
 38732 | Swamp:3  | Noticed polly's illusion
 39069 | Swamp:3  | Noticed polly's illusion
 39082 | Swamp:2  | Killed Mara
 39191 | Swamp:3  | Received a gift from Trog
 39412 | Swamp:4  | Entered Level 4 of the Swamp
 40147 | Swamp:4  | Received a gift from Trog
 40205 | Swamp:4  | Got a decaying rune of Zot
 40246 | Swamp:3  | Reached XP level 20. HP: 164/199 MP: 20/22
 40370 | Slime:1  | Entered Level 1 of the Pits of Slime
 40389 | Slime:1  | Paralysed by a great orb of eyes for 7 turns
 40413 | Slime:1  | Gained mutation: Armour fits poorly on your strangely shaped body. [a shining eye]
 40422 | Slime:1  | Lost mutation: Armour fits poorly on your strangely shaped body. [potion of mutation]
 40422 | Slime:1  | Lost mutation: You have an increased reservoir of magic. (+10% MP) [potion of mutation]
 40422 | Slime:1  | Gained mutation: Your skin changes colour to match your surroundings (Stealth+). [potion of mutation]
 40422 | Slime:1  | Gained mutation: You are partially covered in slimy green scales. (AC +2) [potion of mutation]
 40744 | Slime:5  | Entered Level 5 of the Pits of Slime
 40753 | Slime:5  | Gained mutation: You tend to lose your temper in combat. [a shining eye]
 40903 | Slime:5  | Found a viscous altar of Jiyva.
 40922 | Slime:5  | Gained mutation: You are weak. (Str -2) [a shining eye]
 41465 | Slime:5  | Gained mutation: Scrolls take you a little longer to read. [a shining eye]
 41467 | Slime:5  | Gained mutation: Your spells are a little easier to cast, but a little less powerful. [a shining eye]
 41470 | Slime:5  | Gained mutation: You occasionally shout uncontrollably at your foes. [a shining eye]
 41472 | Slime:5  | Gained mutation: You often lose your temper in combat. [a shining eye]
 41494 | Slime:5  | Gained mutation: You are dopey. (Int -2) [a shining eye]
 41495 | Slime:5  | Gained mutation: Potions are less effective at restoring your health. [a shining eye]
 41501 | Slime:5  | Lost mutation: You are partially covered in rugged brown scales. (AC +1, +3% HP) [potion of mutation]
 41501 | Slime:5  | Lost mutation: You are dopey. (Int -2) [potion of mutation]
 41501 | Slime:5  | Lost mutation: Your spells are a little easier to cast, but a little less powerful. [potion of mutation]
 41501 | Slime:5  | Lost mutation: You often lose your temper in combat. [potion of mutation]
 41501 | Slime:5  | Lost mutation: You occasionally shout uncontrollably at your foes. [potion of mutation]
 41501 | Slime:5  | Gained mutation: Your magical capacity is low. (-10% MP) [potion of mutation]
 41501 | Slime:5  | Gained mutation: You have large cloven feet. [potion of mutation]
 41575 | Slime:5  | Noticed the Royal Jelly
 41576 | Slime:5  | Gained mutation: You are frail. (-10% HP) [a shining eye]
 41582 | Slime:5  | Gained mutation: You are very weak. (Str -4) [a shining eye]
 41598 | Slime:5  | Killed the Royal Jelly
 41624 | Slime:4  | Gained mutation: You are occasionally teleported next to monsters. [a shining eye]
 41629 | Slime:4  | Gained mutation: You are very frail. (-20% HP) [a shining eye]
 41635 | Slime:4  | Lost mutation: You have large cloven feet. [potion of mutation]
 41635 | Slime:4  | Lost mutation: Your magical capacity is low. (-10% MP) [potion of mutation]
 41635 | Slime:4  | Lost mutation: Potions are less effective at restoring your health. [potion of mutation]
 41635 | Slime:4  | Lost mutation: You are very frail. (-20% HP) [potion of mutation]
 41635 | Slime:4  | Lost mutation: You are partially covered in large bone plates. (SH +4) [potion of mutation]
 41635 | Slime:4  | Gained mutation: You are agile. (Dex +2) [potion of mutation]
 41635 | Slime:4  | Gained mutation: You have a pair of large horns on your head. [potion of mutation]
 41645 | Slime:4  | Lost mutation: Scrolls take you a little longer to read. [potion of mutation]
 41645 | Slime:4  | Lost mutation: You tend to lose your temper in combat. [potion of mutation]
 41645 | Slime:4  | Lost mutation: You are agile. (Dex +2) [potion of mutation]
 41645 | Slime:4  | Gained mutation: You expend magic power (3 MP) to strengthen your wands. [potion of mutation]
 41645 | Slime:4  | Gained mutation: You have large cloven feet. [potion of mutation]
 41646 | Slime:4  | Received a gift from Trog
 42159 | Slime:5  | Got a slimy rune of Zot
 42345 | Slime:5  | Got a scintillating turquoise ring
 42347 | Slime:5  | Identified the ring of Fuleqi {rElec AC+1} (You found it on level 5 of the Pits of Slime)
 42471 | Lair:5   | Lost mutation: You are occasionally teleported next to monsters. [potion of mutation]
 42471 | Lair:5   | Lost mutation: You are frail. (-10% HP) [potion of mutation]
 42471 | Lair:5   | Lost mutation: You have a pair of large horns on your head. [potion of mutation]
 42471 | Lair:5   | Lost mutation: You expend magic power (3 MP) to strengthen your wands. [potion of mutation]
 42471 | Lair:5   | Gained mutation: Scrolls take you a little longer to read. [potion of mutation]
 42471 | Lair:5   | Gained mutation: You possess an exceptional clarity of mind. [potion of mutation]
 42750 | Depths:1 | Entered Level 1 of the Depths
 42883 | Depths:1 | Found a gateway to Hell.
 43035 | Depths:1 | Received a gift from Trog
 43048 | Depths:1 | Got an ancient broad axe {god gift}
 43050 | Depths:1 | Identified the +8 broad axe "Fueh" {venom, Dex+2} (Trog gifted it to you on level 1 of the Depths)
 43505 | Depths:1 | Found Bievos's Gadget Shoppe.
 43506 | Depths:1 | Found Engeybu's Jewellery Shop.
 43506 | Depths:1 | Found Melasi's Jewellery Shop.
 43561 | Depths:1 | Got a steaming marble ring
 43592 | Depths:1 | Identified the ring "Naf Wat" {rC+ Slay+2 SInv} (You found it on level 1 of the Depths)
 44048 | Depths:1 | Reached XP level 21. HP: 205/205 MP: 21/21
 44083 | Depths:1 | Gained mutation: Your spells are a little harder to cast, but a little more powerful. [mutagenic meat]
 44084 | Depths:1 | Lost mutation: Scrolls take you a little longer to read. [mutagenic meat]
 44087 | Depths:1 | Gained mutation: You are surrounded by a mild repulsion field. (EV +2) [mutagenic meat]
 44654 | Depths:2 | Received a gift from Trog
 44813 | Depths:2 | Identified Zagateegg's Handbook of Icy Lightness
 46005 | Depths:3 | Paralysed by an ogre mage for 5 turns
 46025 | Depths:3 | Received a gift from Trog
 46259 | Depths:3 | Found a sparkling altar of Nemelex Xobeh.
 46320 | Depths:3 | Noticed Flapstick's ghost (veteran GrGl)
 46325 | Depths:3 | Noticed Margery
 46746 | Depths:3 | Killed Margery
 46765 | Depths:3 | Killed Flapstick's ghost
 47067 | Depths:3 | Reached XP level 22. HP: 200/215 MP: 22/22
 47072 | Depths:3 | Noticed a juggernaut
 47087 | Depths:3 | Killed a juggernaut
 47099 | Depths:3 | Paralysed by a sphinx for 3 turns
 47175 | Depths:3 | Got a steaming pewter ring
 47182 | Depths:3 | Identified the ring "Cifrim" {rCorr MP+9} (You found it on level 3 of the Depths)
 47233 | Depths:3 | Found a shadowy altar of Dithmenos.
 47237 | Depths:3 | Received a gift from Trog
 47265 | Depths:3 | Received a gift from Trog
 47323 | Depths:3 | Got a crude lead ring
 47326 | Depths:3 | Identified the ring of the Philosopher {*Drain rPois rC- rN+ Int+9} (You found it on level 3 of the Depths)
 47359 | Depths:3 | Paralysed by a floating eye for 3 turns
 47368 | Depths:3 | Paralysed by a lich for 3 turns
 47424 | Depths:3 | Found a one-way gate leading to the halls of Pandemonium.
 47470 | Depths:3 | Got a flickering lapis lazuli ring
 47622 | Depths:3 | Identified the ring of Incredulity {rF+ rC- MR- Int+9 SInv} (You took it off an orc high priest on level 3 of the Depths)
 47728 | Depths:4 | Found a gateway to a ziggurat.
 48202 | Depths:4 | Received a gift from Trog
 48203 | Depths:4 | Found a one-way gate to the infinite horrors of the Abyss.
 48572 | Depths:4 | Noticed a golden dragon
 48620 | Depths:4 | Noticed a golden dragon
 48644 | Depths:4 | Killed a golden dragon
 48651 | Depths:4 | Killed a golden dragon
 48922 | Depths:4 | Received a gift from Trog
 49182 | Depths:5 | Entered Level 5 of the Depths
 49210 | Depths:5 | Reached XP level 23. HP: 220/227 MP: 23/23
 49266 | Depths:5 | Reached skill level 10 in Dodging
 49441 | Depths:5 | Received a gift from Trog
 50104 | Orc:2    | Bought a potion of heal wounds for 70 gold pieces
 50104 | Orc:2    | Bought 2 potions of might for 112 gold pieces
 50104 | Orc:2    | Bought a potion of heal wounds for 70 gold pieces
 50961 | Depths:5 | Found a runed door.
 50961 | Depths:5 | Found a runed door.
 51104 | Depths:5 | Found a runed door.
 51753 | Depths:5 | Found a runed door.
 51753 | Depths:5 | Found a runed door.
 51796 | Depths:5 | Found a runed door.
 51841 | Depths:5 | Found a gate to the Realm of Zot.
 52300 | Vaults:1 | Entered Level 1 of the Vaults
 52477 | Vaults:1 | Received a gift from Trog
 53040 | Vaults:1 | Received a gift from Trog
 53322 | Vaults:1 | Got a translucent bronze ring
 53788 | Vaults:2 | Reached XP level 24. HP: 238/238 MP: 23/23
 53803 | Vaults:2 | Found Gitisch's General Store.
 53832 | Vaults:2 | Received a gift from Trog
 53913 | Vaults:2 | Found Uneluzax's Food Shoppe.
 53935 | Vaults:2 | Identified the ring "Igigiov" {-Tele rC+ SInv Stlth+} (You took it off a vault warden on level 1 of the Vaults)
 54380 | Vaults:2 | Received a gift from Trog
 54498 | Vaults:2 | Found Nurep's Food Boutique.
 54500 | Vaults:2 | Found Guduh's Gadget Boutique.
 54539 | Vaults:2 | Found a staircase to the Crypt.
 54623 | Vaults:2 | Found Dilanuepn's Gadget Boutique.
 54972 | Vaults:3 | Found Ciriy's Gadget Shop.
 55141 | Vaults:3 | Received a gift from Trog
 55634 | Vaults:3 | Received a gift from Trog
 56016 | Vaults:4 | Got a scorched chain mail
 56027 | Vaults:4 | Identified the +8 chain mail of the Lotus Blossom {MP+9} (You found it on level 4 of the Vaults)
 56220 | Vaults:4 | Received a gift from Trog
 56487 | Vaults:4 | Reached skill level 27 in Axes
 57259 | Vaults:5 | Entered Level 5 of the Vaults
 57262 | Vaults:5 | Reached XP level 25. HP: 243/250 MP: 23/23
 57267 | Vaults:5 | Received a gift from Trog
 57499 | Vaults:5 | Noticed Boris
 57524 | Vaults:5 | Noticed Terrapin's ghost (veteran BaBe)
 57541 | Vaults:5 | Killed Terrapin's ghost
 57541 | Vaults:5 | Received a gift from Trog
 57542 | Vaults:5 | Noticed Frederick
 58517 | Vaults:4 | Killed Frederick
 58517 | Vaults:4 | Received a gift from Trog
 58517 | Vaults:4 | Reached skill level 27 in Shields
 58769 | Vaults:5 | Paralysed by an ogre mage for 5 turns
 58808 | Vaults:5 | Paralysed by a floating eye for 2 turns
 59161 | Vaults:4 | Received a gift from Trog
 59462 | Vaults:4 | Reached skill level 27 in Fighting
 59630 | Vaults:4 | Reached XP level 26. HP: 266/266 MP: 23/23
 59655 | Vaults:5 | Killed Boris
 59692 | Vaults:4 | Received a gift from Trog
 60124 | Vaults:5 | Identified the Papyrus of the Doomed Rocks
 60412 | Vaults:5 | Got a silver rune of Zot
 61177 | Depths:4 | Voluntarily entered the Abyss.
 61196 | Abyss:1  | Found a basalt altar of Yredelemnul.
 61415 | Abyss:1  | Received a gift from Trog
 61628 | Abyss:1  | Paralysed by accursed screaming for 1 turns
 61760 | Abyss:1  | Gained mutation: Scrolls take you a little longer to read. [a neqoxec]
 61860 | Abyss:1  | Received a gift from Trog
 62185 | Abyss:1  | Found a corrupted altar of Lugonu.
 62351 | Abyss:1  | Received a gift from Trog
 62794 | Abyss:1  | Received a gift from Trog
 62806 | Abyss:1  | Got a crystal broad axe {god gift}
 62807 | Abyss:1  | Identified the +12 broad axe of Absolution {antimagic, +Blink} (Trog gifted it to you on level 1 of the Abyss)
 63576 | Abyss:1  | Received a gift from Trog
 63737 | Abyss:1  | Found a corrupted altar of Lugonu.
 64005 | Abyss:1  | Upgraded the game from 0.20-a0-920-gb18bc0f to 0.20-a0-923-g548304e
 64094 | Abyss:1  | Reached XP level 27. HP: 270/273 MP: 21/23
 64100 | Abyss:1  | Received a gift from Trog
 64552 | Abyss:1  | Identified Thaumaturgy, Part One
 64702 | Abyss:1  | Received a gift from Trog
 64826 | Abyss:1  | Found a corrupted altar of Lugonu.
 64965 | Abyss:1  | Found a corrupted altar of Lugonu.
 64991 | Abyss:1  | Found a corrupted altar of Lugonu.
 65087 | Abyss:1  | Paralysed by you for 7 turns
 65211 | Abyss:1  | Received a gift from Trog
 65523 | Abyss:1  | Gained mutation: Armour fits poorly on your strangely shaped body. [a neqoxec]
 65956 | Abyss:1  | Received a gift from Trog
 66008 | Abyss:1  | Lost mutation: You possess an exceptional clarity of mind. [a neqoxec]
 66048 | Abyss:1  | Gained mutation: You expend magic power (3 MP) to strengthen your wands. [a neqoxec]
 66279 | Abyss:1  | Gained mutation: Your mind is acute. (Int +2) [a neqoxec]
 66501 | Abyss:1  | Found a corrupted altar of Lugonu.
 66821 | Abyss:1  | Received a gift from Trog
 66927 | Abyss:1  | Found a corrupted altar of Lugonu.
 67601 | Abyss:1  | Reached skill level 27 in Armour
 67721 | Abyss:1  | Received a gift from Trog
 67726 | Abyss:1  | Got a steaming fustibalus {god gift}
 67727 | Abyss:1  | Identified the +1 fustibalus of Sequestration {velocity, MR+ Str+5} (Trog gifted it to you on level 1 of the Abyss)
 67948 | Abyss:1  | Reached skill level 15 in Dodging
 68059 | Abyss:1  | Received a gift from Trog
 68100 | Abyss:1  | Found a corrupted altar of Lugonu.
 68754 | Abyss:1  | Found a corrupted altar of Lugonu.
 69186 | Abyss:1  | Received a gift from Trog
 69694 | Abyss:1  | Received a gift from Trog
 69841 | Abyss:1  | Got a heavily runed ruby amulet
 69870 | Abyss:1  | Identified the amulet of Gozag's Reproof {Faith Str+8} (You found it on level 1 of the Abyss)
 69895 | Abyss:1  | Got a polished chain mail
 69924 | Abyss:1  | Identified the cursed +1 chain mail "Nyfiasch" {+Inv Str+6 Dex-2} (You found it on level 1 of the Abyss)
 70260 | Abyss:1  | Lost mutation: Your spells are a little harder to cast, but a little more powerful. [a cacodemon]
 70841 | Abyss:1  | Received a gift from Trog
 71870 | Depths:4 | Escaped the Abyss
 72309 | Temple   | Entered the Ecumenical Temple
 72604 | D:2      | Fell from the grace of Trog
 72604 | D:2      | Became a worshipper of Warmaster Okawaru
 74212 | Depths:4 | Voluntarily entered the Abyss.
 74216 | Abyss:1  | Found a corrupted altar of Lugonu.
 74343 | Depths:4 | Escaped the Abyss
 74345 | Depths:4 | Voluntarily entered the Abyss.
 74353 | Abyss:1  | Found a corrupted altar of Lugonu.
 74414 | Abyss:1  | Found a corrupted altar of Lugonu.
 74470 | Abyss:1  | Reached * piety under Okawaru
 74559 | Abyss:1  | Reached skill level 5 in Evocations
 74641 | Abyss:1  | Learned a level 2 spell: Song of Slaying
 74645 | Abyss:1  | Learned a level 3 spell: Regeneration
 74648 | Abyss:1  | Learned a level 2 spell: Shroud of Golubria
 74650 | Abyss:1  | Learned a level 1 spell: Infusion
 74676 | Abyss:1  | Gained mutation: Your body sometimes deteriorates upon taking damage. [a shining eye]
 75032 | Abyss:2  | Reached ** piety under Okawaru
 75242 | Abyss:2  | Gained mutation: You tend to lose your temper in combat. [a neqoxec]
 75378 | Abyss:2  | Gained mutation: You occasionally shout uncontrollably at your foes. [a neqoxec]
 75731 | Abyss:3  | Reached *** piety under Okawaru
 75833 | Abyss:3  | Got an abyssal rune of Zot
 76104 | Abyss:3  | Reached **** piety under Okawaru
 76216 | Abyss:3  | Paralysed by accursed screaming for 1 turns
 76490 | Abyss:3  | Paralysed by you for 5 turns
 76605 | Abyss:3  | Reached ***** piety under Okawaru
 76722 | Abyss:3  | Paralysed by Trog for 3 turns
 76813 | Abyss:3  | Found a corrupted altar of Lugonu.
 76942 | Abyss:3  | Gained mutation: You are clumsy. (Dex -2) [a neqoxec]
 76943 | Depths:4 | Escaped the Abyss
 77059 | Pan      | Entered Pandemonium
 77089 | Pan      | Found an exit through the horrors of the Abyss.
 77339 | Pan      | Found a runed door.
 78901 | Pan      | Received a gift from Okawaru
 79064 | Pan      | Noticed Cebayk the pandemonium lord
 79109 | Pan      | Killed Cebayk the pandemonium lord
 79684 | Pan      | Noticed Wistag the pandemonium lord
 79701 | Pan      | Killed Wistag the pandemonium lord
 79858 | Pan      | Reached ****** piety under Okawaru
 80406 | Pan      | Found an exit through the horrors of the Abyss.
 80594 | Pan      | Reached skill level 1 in Stealth
 81457 | Pan      | Received a gift from Okawaru
 81481 | Pan      | Got a scorched broad axe {god gift}
 81496 | Pan      | Identified the +0 broad axe of Exchange {chop, +Blink rElec Int+3} (Okawaru gifted it to you in Pandemonium)
 81591 | Pan      | Found an exit through the horrors of the Abyss.
 81692 | Pan      | Reached skill level 5 in Stealth
 81941 | Pan      | Noticed Biasaniss the pandemonium lord
 81999 | Pan      | Killed Biasaniss the pandemonium lord
 82145 | Pan      | Received a gift from Okawaru
 82346 | Pan      | Noticed Elugubegru the pandemonium lord
 83135 | Pan      | Killed Elugubegru the pandemonium lord
 83714 | Pan      | Found an exit through the horrors of the Abyss.
 83902 | Pan      | Took an exit into the Abyss.
 83902 | Abyss:1  | Escaped into the Abyss
 83922 | Abyss:1  | Reached skill level 10 in Stealth
 84058 | Abyss:1  | Found a basalt altar of Yredelemnul.
 84074 | Abyss:1  | Lost mutation: You occasionally shout uncontrollably at your foes. [mutagenic meat]
 84097 | Abyss:1  | Received a gift from Okawaru
 84124 | Depths:3 | Escaped the Abyss
 84164 | Depths:4 | Voluntarily entered the Abyss.
 84370 | Abyss:1  | Lost mutation: Scrolls take you a little longer to read. [potion of mutation]
 84370 | Abyss:1  | Lost mutation: Your body sometimes deteriorates upon taking damage. [potion of mutation]
 84370 | Abyss:1  | Lost mutation: Your mind is acute. (Int +2) [potion of mutation]
 84370 | Abyss:1  | Gained mutation: Your flesh is cold resistant. (rC+) [potion of mutation]
 84370 | Abyss:1  | Gained mutation: You are somewhat resistant to further mutation. [potion of mutation]
 84475 | Depths:4 | Escaped the Abyss
 84568 | Pan      | Entered Pandemonium
 84692 | Pan      | Noticed Semox the pandemonium lord
 84724 | Pan      | Killed Semox the pandemonium lord
 84728 | Pan      | Found an exit through the horrors of the Abyss.
 85464 | Pan      | Got a demonic rune of Zot
 86079 | Pan      | Received a gift from Okawaru
 86136 | Pan      | Found an exit through the horrors of the Abyss.
 87227 | Pan      | Paralysed by Trog for 2 turns
 87242 | Pan      | Found an exit through the horrors of the Abyss.
 87293 | Pan      | HP: 13/266 [??? (11)]
 87323 | Pan      | HP: 12/273 [deep troll[the rage of Trog] (28)]
 87326 | Depths:3 | Escaped Pandemonium
 88039 | Pan      | Entered Pandemonium
 88439 | Pan      | Reached skill level 27 in Dodging
 88523 | Pan      | Noticed Hodoatzi the pandemonium lord
 88527 | Pan      | Received a gift from Okawaru
 88537 | Pan      | Killed Hodoatzi the pandemonium lord
 88616 | Pan      | Found an exit through the horrors of the Abyss.
 88646 | Pan      | Reached skill level 15 in Stealth
 88829 | Pan      | Noticed Luakky the pandemonium lord
 88856 | Pan      | Killed Luakky the pandemonium lord
 89019 | Pan      | Noticed Tiruto the pandemonium lord
 89107 | Pan      | Reached skill level 1 in Spellcasting
 89111 | Pan      | Reached skill level 1 in Charms
 89174 | Pan      | Killed Tiruto the pandemonium lord
 89174 | Pan      | Received a gift from Okawaru
 89505 | Pan      | Found an exit through the horrors of the Abyss.
 89858 | Pan      | Was forgiven by Trog
 90222 | Pan      | Received a gift from Okawaru
 90692 | Pan      | Found a glowing silver altar of Zin.
 91160 | Pan      | Found a white marble altar of Elyvilon.
 91576 | Pan      | Reached skill level 5 in Charms
 91736 | Pan      | Received a gift from Okawaru
 91749 | Pan      | Reached skill level 5 in Spellcasting
 91776 | Pan      | Got a twisted shield {god gift}
 91794 | Pan      | Identified the +4 shield of Fashionability {rCorr} (Okawaru gifted it to you in Pandemonium)
 92153 | Pan      | Found a glowing golden altar of the Shining One.
 92160 | Pan      | Noticed a seraph
 92174 | Pan      | Killed a seraph
 92205 | Pan      | Identified the Papyrus of Dislocation
 92220 | Pan      | Learned a level 1 spell: Apportation
 93082 | Depths:3 | Escaped Pandemonium
 93093 | Pan      | Entered Pandemonium
 93098 | Pan      | Received a gift from Okawaru
 93185 | Pan      | Found an exit through the horrors of the Abyss.
 93251 | Pan      | Gained mutation: You are resistant to electric shocks. (rElec) [a cacodemon]
 93307 | Pan      | Gained mutation: You are dopey. (Int -2) [a neqoxec]
 93334 | Pan      | Gained mutation: Your magical capacity is low. (-10% MP) [a cacodemon]
 93404 | Pan      | Noticed Uxetoock the pandemonium lord
 93433 | Pan      | Killed Uxetoock the pandemonium lord
 93437 | Pan      | Received a gift from Okawaru
 94539 | Pan      | Noticed Agyhouth the pandemonium lord
 94551 | Pan      | Killed Agyhouth the pandemonium lord
 94623 | Pan      | Received a gift from Okawaru
 94684 | Pan      | Found an exit through the horrors of the Abyss.
 94810 | Pan      | Got a warped shield
 95383 | Pan      | Received a gift from Okawaru
 95465 | Pan      | Got a shimmering hand axe {god gift}
 95534 | Pan      | Noticed Olitut the pandemonium lord
 95549 | Pan      | Reached skill level 10 in Charms
 95551 | Pan      | Killed Olitut the pandemonium lord
 95968 | Pan      | Found an exit through the horrors of the Abyss.
 96491 | Pan      | Took an exit into the Abyss.
 96491 | Abyss:1  | Escaped into the Abyss
 96577 | Depths:3 | Escaped the Abyss
 96671 | Depths:4 | Voluntarily entered the Abyss.
 96726 | Depths:4 | Escaped the Abyss
 96728 | Depths:4 | Voluntarily entered the Abyss.
 96762 | Depths:4 | Escaped the Abyss
 96764 | Depths:4 | Voluntarily entered the Abyss.
 96786 | Depths:4 | Escaped the Abyss
 96788 | Depths:4 | Voluntarily entered the Abyss.
 96894 | Depths:4 | Escaped the Abyss
 96901 | Depths:4 | Voluntarily entered the Abyss.
 96918 | Abyss:1  | Found a corrupted altar of Lugonu.
 97105 | Abyss:1  | Received a gift from Okawaru
 97150 | Abyss:1  | Found an ornate altar of the Wu Jian Council.
 97163 | Abyss:1  | Found an ornate altar of the Wu Jian Council.
 97475 | Depths:4 | Escaped the Abyss
 97477 | Depths:4 | Voluntarily entered the Abyss.
 97512 | Abyss:1  | Found a corrupted altar of Lugonu.
 97561 | Abyss:1  | Identified the +1 shield "Ziekein" {-Tele rElec Regen+ Slay+5} (You found it in Pandemonium)
 97568 | Abyss:1  | Identified the +11 hand axe of Foot {venom, +Inv Dex+3} (Okawaru gifted it to you in Pandemonium)
 97621 | Abyss:1  | Found a corrupted altar of Lugonu.
 97739 | Depths:4 | Escaped the Abyss
 97741 | Depths:4 | Voluntarily entered the Abyss.
 98129 | Depths:4 | Escaped the Abyss
 98131 | Depths:4 | Voluntarily entered the Abyss.
 98320 | Depths:4 | Escaped the Abyss
 98322 | Depths:4 | Voluntarily entered the Abyss.
 98530 | Depths:4 | Escaped the Abyss
 98532 | Depths:4 | Voluntarily entered the Abyss.
 98538 | Abyss:1  | Found a corrupted altar of Lugonu.
 98945 | Depths:4 | Escaped the Abyss
 98947 | Depths:4 | Voluntarily entered the Abyss.
 98951 | Abyss:1  | Found a corrupted altar of Lugonu.
 99019 | Abyss:1  | Found a corrupted altar of Lugonu.
 99140 | Depths:4 | Escaped the Abyss
 99142 | Depths:4 | Voluntarily entered the Abyss.
 99195 | Depths:4 | Escaped the Abyss
 99201 | Depths:4 | Voluntarily entered the Abyss.
 99215 | Abyss:1  | Found a corrupted altar of Lugonu.
 99260 | Depths:4 | Escaped the Abyss
 99262 | Depths:4 | Voluntarily entered the Abyss.
 99308 | Depths:4 | Escaped the Abyss
 99310 | Depths:4 | Voluntarily entered the Abyss.
 99354 | Depths:4 | Escaped the Abyss
 99356 | Depths:4 | Voluntarily entered the Abyss.
 99367 | Abyss:1  | Got a pair of fine gloves
 99383 | Abyss:1  | Identified the +2 pair of gloves "Zoiqoqor" {+Blink Int+2} (You found it on level 1 of the Abyss)
 99517 | Depths:4 | Escaped the Abyss
 99519 | Depths:4 | Voluntarily entered the Abyss.
 99564 | Depths:4 | Escaped the Abyss
 99566 | Depths:4 | Voluntarily entered the Abyss.
 99568 | Abyss:1  | Found a basalt altar of Yredelemnul.
 99652 | Depths:4 | Escaped the Abyss
 99654 | Depths:4 | Voluntarily entered the Abyss.
 99682 | Depths:4 | Escaped the Abyss
 99684 | Depths:4 | Voluntarily entered the Abyss.
 99684 | Abyss:1  | Found an opulent altar of Gozag.
 99699 | Abyss:1  | Identified Utsuunneit's Tome of Floating Execration
 99875 | Depths:4 | Escaped the Abyss
 99882 | Depths:4 | Voluntarily entered the Abyss.
 99903 | Abyss:1  | Found a corrupted altar of Lugonu.
100030 | Depths:4 | Escaped the Abyss
100032 | Depths:4 | Voluntarily entered the Abyss.
100081 | Depths:4 | Escaped the Abyss
100083 | Depths:4 | Voluntarily entered the Abyss.
100113 | Depths:4 | Escaped the Abyss
100115 | Depths:4 | Voluntarily entered the Abyss.
100124 | Abyss:1  | Found a corrupted altar of Lugonu.
100150 | Depths:4 | Escaped the Abyss
100152 | Depths:4 | Voluntarily entered the Abyss.
100294 | Depths:4 | Escaped the Abyss
100296 | Depths:4 | Voluntarily entered the Abyss.
100523 | Depths:4 | Escaped the Abyss
100525 | Depths:4 | Voluntarily entered the Abyss.
100572 | Depths:4 | Escaped the Abyss
100574 | Depths:4 | Voluntarily entered the Abyss.
100637 | Depths:4 | Escaped the Abyss
100642 | Depths:4 | Voluntarily entered the Abyss.
100681 | Depths:4 | Escaped the Abyss
100683 | Depths:4 | Voluntarily entered the Abyss.
101000 | Abyss:1  | Received a gift from Okawaru
101101 | Depths:4 | Escaped the Abyss
101103 | Depths:4 | Voluntarily entered the Abyss.
101850 | Abyss:1  | Found a radiant altar of Vehumet.
101901 | Abyss:1  | Reached skill level 10 in Spellcasting
103227 | Abyss:1  | Received a gift from Okawaru
103277 | Abyss:1  | Found a corrupted altar of Lugonu.
103335 | Depths:4 | Escaped the Abyss
104231 | Zot:1    | Entered Level 1 of the Realm of Zot
104879 | Zot:1    | Noticed an orb of fire
104895 | Zot:1    | Killed an orb of fire
105371 | Zot:2    | Received a gift from Okawaru
105849 | Zot:3    | Reached skill level 15 in Spellcasting
106911 | Zot:4    | Received a gift from Okawaru
107428 | Zot:4    | Received a gift from Okawaru
107832 | Zot:5    | Entered Level 5 of the Realm of Zot
107874 | Zot:5    | Received a gift from Okawaru
108021 | Zot:5    | Received a gift from Okawaru
108121 | Zot:5    | Noticed an orb of fire
108125 | Zot:5    | Received a gift from Okawaru
108130 | Zot:5    | Noticed an orb of fire
108136 | Zot:5    | Killed an orb of fire
108147 | Zot:5    | Noticed an ancient lich
108149 | Zot:5    | Killed an orb of fire
108163 | Zot:5    | Killed an ancient lich
108300 | Zot:5    | Received a gift from Okawaru
108335 | Zot:5    | Noticed an orb of fire
108343 | Zot:5    | Killed an orb of fire
108377 | Zot:5    | Noticed an ancient lich
108380 | Zot:5    | Noticed an orb of fire
108390 | Zot:5    | Killed an ancient lich
108404 | Zot:5    | Killed an orb of fire
108501 | Zot:5    | Noticed an ancient lich
108508 | Zot:5    | Cast into level 5 of the Abyss (an ancient lich)
108508 | Abyss:5  | Entered Level 5 of the Abyss
108508 | Abyss:5  | Found a corrupted altar of Lugonu.
108562 | Zot:5    | Escaped the Abyss
108569 | Zot:5    | Killed an ancient lich
108661 | Zot:5    | Received a gift from Okawaru
108662 | Zot:5    | Noticed an ancient lich
108679 | Zot:5    | Killed an ancient lich
109632 | Temple   | Fell from the grace of Okawaru
109632 | Temple   | Became a worshipper of the Shining One
109644 | Temple   | Identified the ring "Ufel" {Wiz Str+4} (You acquired it in the Ecumenical Temple)
109656 | Temple   | Got a pair of warped boots
109667 | Temple   | Identified the +1 pair of boots of Liberty {SInv Stlth+} (You acquired it in the Ecumenical Temple)
110086 | Pan      | Entered Pandemonium
110153 | Pan      | Reached * piety under the Shining One
110219 | Pan      | Reached ** piety under the Shining One
110223 | Pan      | Gained mutation: You often lose your temper in combat. [a cacodemon]
110227 | Pan      | Gained mutation: You are occasionally teleported next to monsters. [a cacodemon]
110288 | Pan      | Reached *** piety under the Shining One
110380 | Pan      | Noticed Zypsubeti the pandemonium lord
110397 | Pan      | Killed Zypsubeti the pandemonium lord
110397 | Pan      | Reached **** piety under the Shining One
110435 | Pan      | Found an exit through the horrors of the Abyss.
110455 | Pan      | Found an exit through the horrors of the Abyss.
110501 | Pan      | Reached ***** piety under the Shining One
110508 | Pan      | Noticed Dalidgh the pandemonium lord
110541 | Pan      | Killed Dalidgh the pandemonium lord
111045 | Pan      | Reached ****** piety under the Shining One
111289 | Pan      | Found an exit through the horrors of the Abyss.
111384 | Pan      | Found a runed door.
111493 | Pan      | Noticed Nesehu Icoi the pandemonium lord
111502 | Pan      | Killed Nesehu Icoi the pandemonium lord
111513 | Pan      | Identified a +9 broad axe of holy wrath (a +8 vampiric broad axe blessed by the Shining One)
111513 | Pan      | Received a gift from the Shining One
111517 | Pan      | Entered the realm of Cerebov.
111605 | Pan      | Found an exit through the horrors of the Abyss.
111882 | Pan      | Noticed Cerebov
111932 | Pan      | Killed Cerebov
112020 | Pan      | Got a fiery rune of Zot
112199 | Pan      | Learned a level 8 spell: Controlled Blink
112268 | Pan      | Found an exit through the horrors of the Abyss.
112493 | Pan      | Noticed Xarutur the pandemonium lord
112502 | Pan      | Killed Xarutur the pandemonium lord
112617 | Pan      | Found an exit through the horrors of the Abyss.
112758 | Pan      | Identified Tolym's Volume of Heat and Unholy Magic
112778 | Pan      | Noticed Ozics the pandemonium lord
113184 | Pan      | Found an exit through the horrors of the Abyss.
113261 | Pan      | Reached skill level 1 in Long Blades
113299 | Pan      | Found a huge runed gate.
113319 | Pan      | Noticed Siukhlua the pandemonium lord
113330 | Pan      | Killed Siukhlua the pandemonium lord
113338 | Pan      | Found an exit through the horrors of the Abyss.
113579 | Pan      | Entered the realm of Mnoleg.
113581 | Pan      | Gained mutation: Scrolls take you a little longer to read. [a cacodemon]
113600 | Pan      | Found an exit through the horrors of the Abyss.
114096 | Pan      | Lost intelligence.
114163 | Pan      | Noticed Mnoleg
114176 | Pan      | Paralysed by an eldritch tentacle for 6 turns
114178 | Pan      | HP: 3/273 [Mnoleg (16)]
114179 | Pan      | The Shining One protects you from harm!
114179 | Pan      | Slain by an eldritch tentacle

Vault maps used:
D:1:      onia_arrival_pyramid, hangedman_glass_teeth, minmay_tromino_v7
D:2:      kennysheep_six_static_rooms, okawaru_trees_2, minmay_unequal
D:3:      first_bread, uniq_terence
D:4:      kennysheep_big_flooded_room, serial_shops,
          nicolae_shop_temple_entry_statues_fountains,
          kennysheep_opposing_triangles, uniq_pikel, uniq_iyjb
D:5:      minmay_temple_entry_overgrown, serial_shops, kennysheep_little_box,
          uniq_edmund
D:6:      serial_shops, shop_coins, dk_noncrumbling_3, st_stairs_8,
          kennysheep_windowed_goal, uniq_eustachio, uniq_grinder
D:7:      lemuel_castle_with_subvaults
D:9:      grunt_ogre_cave, uniq_erica, uniq_gastronok
D:10:     minmay_lair_entry_grove, uniq_maurice, uniq_urug
D:11:     serial_curves, eino_curves_02, eino_curves_01
D:12:     hiddenorc1_lemuel
D:13:     serial_shops, shop_statue, spider_trap, statue_in_the_mist_lemuel,
          nicolae_wwwww, roderic_st_hans_cross
D:14:     erik_vaults_2, serial_bayou_ford_a, uniq_sonja
D:15:     grunt_enter_depths_hoard, serial_shops, shop, nicolae_two_hexagons
Temple:   minmay_crystal_snake_temple
Lair:1:   infiniplex_staircase_pool_2, grunt_megastairs_4, uniq_grum
Lair:2:   swamp_mist_pool, minmay_lair_oklob_chamber
Lair:3:   guppyfry_snake_entry_island
Lair:5:   slime_dummy
Lair:6:   wormcave, grunt_megastairs_2
Swamp:1:  nicolae_swamp_treefoil, nicolae_swamp_little_tower
Swamp:2:  portal_ice_cave_entry_dragon, hangedman_swamp_cone, uniq_nikola
Swamp:3:  evilmike_swamp_ruin_house_2, swamp_pool2, infiniplex_staircase_pool,
          uniq_mara
Swamp:4:  swamp_icy
Snake:1:  uniq_aizul
Snake:2:  serial_bayou_shore_a
Snake:3:  uniq_vashnia, uniq_donald
Snake:4:  snake_pit
Slime:3:  cheibrodos_slime_lost_civilization_7
Orc:1:    serial_shops, shop
Orc:2:    st_orc_pillars, uniq_saint_roka, uniq_rupert, uniq_josephine
Elf:1:    minmay_elf_crystal_heptagon, minivault_5, grunt_megastairs_1
Elf:3:    minmay_elf_hall_x
Vaults:1: grunt_vaults_funnel, v_misc_5, nicolae_vaults_network_barrier,
          ontoclasm_vaults_hangar, nicolae_vaults_network_periphery,
          nicolae_vaults_three_branches, nicolae_vaults_branching_niches,
          nicolae_vaults_puzzle_piece, nicolae_vaults_specimen_jars,
          vaults_room_pool
Vaults:2: v_alt_pattern_4, minmay_crypt_entry_simple_plaza,
          hangedman_vaults_corner, v_alt_pattern_6,
          nicolae_vaults_hallways_thing, nicolae_vaults_network_quincunx,
          v_misc_24, grunt_vaults_diagonal, ontoclasm_vaults_ring_large,
          ontoclasm_vaults_pinch, ontoclasm_vaults_gateway, serial_shops, shop,
          shop, shop, shop, shop_statue
Vaults:3: nicolae_vaults_ninety_degrees, ontoclasm_vaults_ring_square,
          dpeg_vaults_monster_box, v_misc_12, vaults_room_boxed,
          nicolae_vaults_little_ls, nicolae_vaults_network_star,
          grunt_vaults_twisty, st_diamondy, v_misc_15, serial_shops, shop
Vaults:4: dpeg_vaults_waves, nicolae_vaults_alarming, vaults_dpeg_diagonal,
          nicolae_vaults_big_angled_halls, hangedman_vaults_trim, v_misc_2,
          v_alt_pattern_4, v_misc_2, v_pattern_2, nicolae_vaults_sealed_display
Vaults:5: uniq_frederick, uniq_boris
Depths:1: grunt_metal_band, grunt_decor_clamped, kennysheep_just_a_vault,
          minmay_shop_grove
Depths:2: cheibrodos_lost_city_excavation, hellmouth_1, serial_sigils,
          serial_sigils_hangedman_clutch, serial_sigils_hangedman_quiver,
          serial_sigils_hangedman_writhe, serial_sigils_hangedman_stare,
          serial_sigils_hangedman_confine, kennysheep_minor_cross,
          minmay_staircase_statues, serial_bayou_shore_b
Depths:3: hangedman_spin_cycle, pan_entry, hell_entry
Depths:4: evilmike_marble_ring, enter_ziggurat_d, abyss_entry_small_statue_room,
          grunt_hell_entry_dis_mu
Depths:5: evilmike_zot_entry_castle, abyss_entry, pf_hell_entry_tar_river,
          nrook_mini_vaults, st_stairs_11
Zot:1:    hangedman_zot_decor_tridents, hangedman_hellfire_club
Zot:2:    grunt_megastairs_3
Zot:4:    amethyst_zot_foddershock
Abyss:1:  evilmike_abyss_exit_15, eino_small_chamber_without_monster,
          hangedman_eye_storm, evilmike_abyss_exit_4, hangedman_decor_points,
          hangedman_abyss_exit_choices, hangedman_abyss_river_spirits,
          evilmike_abyss_exit_7, evilmike_abyss_exit_chaos,
          evilmike_abyss_exit_kraken, evilmike_abyss_exit_mutagenic,
          evilmike_abyss_exit_8, hangedman_abyss_exit_choices,
          bh_abyss_exit_grid, minivault_22, evilmike_abyss_exit_12, minivault_5,
          lemuel_firewalk_3, hangedman_decor_peaks_small, bh_abyss_exit_spiral,
          hangedman_cross_veins, evilmike_abyss_exit_6
Abyss:3:  grunt_abyss_rune_forest_and_sorcery
Pan:      rand_demon_9, pan_blood_fountain_small, evilmike_mini_pan_corner,
          grunt_pan_spiral, evilmike_mini_pan_branches, nicolae_pan_diamonds,
          evilmike_mini_pan_possible_glass, pan_blood_fountain, rand_demon_4,
          nicolae_pan_sigil_nadil, pan_surprise, evilmike_mini_pan_pillars,
          pan_blood_fountain_2, nicolae_pan_gloorx_vloqian_3,
          grunt_pan_frozen_over, nicolae_pan_gloorx_vloqian_4,
          evilmike_mini_pan_pillars_b, nicolae_pan_sigil_uleosi,
          nicolae_pan_lom_lobonic_1, nicolae_pan_diamonds,
          nicolae_pan_lom_lobonic_2, nicolae_pan_hourglass, evilmike_holy_pan,
          evilmike_mini_pan_branches, evilmike_mini_pan_thingy,
          nicolae_pan_double_arrow, pan_blood_fountain_small,
          grunt_pan_in_and_out, reaverb_pan_chaos_star, rand_demon_8,
          pan_blood_fountain_small, evilmike_mini_pan_other_thingy,
          nicolae_pan_mnolegish_2, rand_demon_5, rand_demon_9, cerebov,
          nicolae_pan_strange_glyphs, nicolae_pan_mnolegish_4,
          evilmike_mini_pan_other_thingy, rand_demon_6,
          evilmike_mini_pan_doors_b, nicolae_pan_giant_door,
          evilmike_mini_pan_thingy, mnoleg_st
IceCv:    ice_cave_caverns_03

Skill      XL: |  1  2  3  4  5  6  7  8  9 10 11 12 13 14 15 16 17 18 19 20 21 22 23 24 25 26 27 |
---------------+----------------------------------------------------------------------------------+-----
Axes           | 4 5 7 8 9 12 14 15 17 18 19 20 21 22 23 24 25 26 27 | 27.0
Fighting       | 4 5 7 8 10 11 13 14 15 16 17 18 19 20 21 22 23 24 25 27 | 27.0
Dodging        | 3 4 5 6 7 8 9 10 11 27 | 27.0
Armour         | 3 5 7 8 10 11 12 13 14 15 16 17 18 19 20 24 27 | 27.0
Evocations     | 1 2 7 |  7.2
Shields        | 1 6 10 13 15 18 19 21 22 23 24 25 27 | 27.0
Stealth        | 22 | 22.3
Spellcasting   | 22 | 22.2
Charms         | 11 | 11.4
Long Blades    | 1 |  1.0
Throwing       | |  0.2
Invocations    | |  0.6

Action                   |  1- 3 |  4- 6 |  7- 9 | 10-12 | 13-15 | 16-18 | 19-21 | 22-24 | 25-27 || total
-------------------------+-------+-------+-------+-------+-------+-------+-------+-------+-------++-------
Melee: Hand axe          |    92 |   164 |   306 |   531 |       |       |       |       |       ||  1093
       Headbutt          |    13 |    33 |    73 |   192 |   339 |   273 |   450 |   562 |  2890 ||  4825
       Battleaxe         |       |       |       |   140 |   353 |       |       |       |       ||   493
       Broad axe         |       |       |       |       |   703 |   933 |  1370 |  1467 |  8689 || 13162
       Executioner's axe |       |       |       |       |    29 |       |       |       |       ||    29
       Kick              |       |       |       |       |       |       |   311 |   793 |   197 ||  1301
Throw: Throwing net      |       |       |       |       |     1 |       |       |       |       ||     1
Invok: Berserk           |     1 |     1 |     1 |     5 |     5 |     5 |     4 |       |       ||    22
       Burn Spellbooks   |       |     1 |       |       |     3 |     8 |     2 |     4 |     6 ||    24
       Trog's Hand       |       |       |       |       |       |     3 |       |     1 |     1 ||     5
       Brothers in Arms  |       |       |       |       |       |       |     1 |       |       ||     1
       Divine Shield     |       |       |       |       |       |       |       |       |     2 ||     2
       Brand Weapon With |       |       |       |       |       |       |       |       |     1 ||     1
       Heroism           |       |       |       |       |       |       |       |       |     1 ||     1
 Abil: Evoke Invisibilit |       |       |       |       |     1 |       |       |       |       ||     1
       Evoke Flight      |       |       |       |       |       |       |     4 |     1 |    11 ||    16
       Evoke Blink       |       |       |       |       |       |       |       |       |     1 ||     1
Evoke: Wand              |       |       |       |     6 |     9 |       |     1 |       |     6 ||    22
       Phantom mirror    |       |       |       |       |       |       |     1 |       |       ||     1
       Box of beasts     |       |       |       |       |       |       |       |       |     1 ||     1
  Use: Scroll            |     3 |     7 |     3 |     4 |     4 |    12 |    19 |    14 |    42 ||   108
       Potion            |       |       |     1 |     7 |     5 |    10 |    27 |     2 |    29 ||    81
 Stab: Held in net/web   |       |       |       |       |     1 |       |       |       |       ||     1
       Invisible         |       |       |       |       |     3 |    15 |     1 |       |     6 ||    25
       Distracted        |       |       |       |       |       |       |     1 |       |    45 ||    46
       Paralysed         |       |       |       |       |       |       |       |       |     2 ||     2
       Petrifying        |       |       |       |       |       |       |       |       |     1 ||     1
       Sleeping          |       |       |       |       |       |       |       |       |    12 ||    12
       Confused          |       |       |       |       |       |       |       |       |     3 ||     3
  Eat: Chunk             |     1 |     3 |    10 |    24 |    51 |    20 |    29 |    16 |    74 ||   228
       Royal jelly       |       |     1 |       |       |     2 |     6 |     7 |     4 |     9 ||    29
       Fruit             |       |       |     1 |       |     1 |     1 |       |       |     5 ||     8
       Meat ration       |       |       |       |       |       |       |     2 |     2 |    26 ||    30
Armor: Animal skin       |    18 |       |       |       |       |       |       |       |       ||    18
       Ring mail         |    23 |    16 |       |       |       |       |       |       |       ||    39
       Scale mail        |       |    75 |    73 |       |       |       |       |       |       ||   148
       Plate armour      |       |       |    26 |   274 |   328 |   133 |    17 |       |       ||   778
       Chain mail        |       |       |     6 |       |       |    80 |   463 |   244 |       ||   793
       Gold dragon scale |       |       |       |       |       |       |       |   136 |  1800 ||  1936
Dodge: Dodged            |    68 |    97 |   128 |   272 |   295 |   143 |   304 |   331 |  3170 ||  4808
Block: Other             |       |     4 |    31 |    59 |    76 |       |       |       |       ||   170
       Reflection        |       |       |       |     1 |    39 |   191 |    48 |       |     6 ||   285
       Large shield      |       |       |       |       |   697 |  1055 |  1449 |  1347 |  6611 || 11159
       Shield            |       |       |       |       |       |       |       |       |  1676 ||  1676
